 Dungeon Crawl Stone Soup version 0.32-a0-643-ga006e7742e (webtiles) character file.

Game seed: 14378692789564628258

466 growler the Charlatan (level 7, 0/56 HPs)
             Began as a Coglin Artificer on Mar 7, 2024.
             Slain by an ogre
             ... wielding a +0 giant club
              (26 damage)
             ... on level 5 of the Dungeon.
             The game lasted 00:13:26 (4306 turns).

growler the Charlatan (Coglin Artificer)            Turns: 4306, Time: 00:13:26

Health: 0/56       AC:  8    Str: 14    XL:     7   Next: 8%
Magic:  7/7        EV: 10    Int: 11    God:
Gold:   202        SH:  0    Dex: 14    Spells: 6/6 levels left

rFire   . . .        x - +0 rapier {Ekveer}
rCold   . . .        f - +0 dagger {Anan}
rNeg    . . .        o - +2 ring mail {rPois}
rPois   +            l - +0 helmet
rElec   .            (no cloak)
rCorr   .            (no gloves)
SInv    .            (no boots)
Will    .....        (amulet unavailable)
Stlth   +            (ring unavailable)
HPRegen 0.29/turn    (ring unavailable)
MPRegen 0.10/turn    (no gizmo)

%: no passive effects
@: no status effects
A: off-hand wielding, slow wielding, warmup strikes, no jewellery
a: Invent Gizmo


You were on level 5 of the Dungeon.
You visited 1 branch of the dungeon, and saw 5 of its levels.

You collected 202 gold pieces.

Inventory:

Hand Weapons
 a - a +0 club {Elena}
 f - a +0 dagger (offhand) {Anan}
 w - a +0 mace {Renate}
 x - a +0 rapier (weapon) {Ekveer}
Armour
 b - a +0 leather armour
 l - a +0 helmet (worn)
 o - a +2 ring mail of poison resistance (worn)
Wands
 c - a wand of flame (6) (quivered)
 d - a wand of charming (12)
 e - a wand of iceblast (4)
Scrolls
 g - 3 scrolls of revelation {unknown}
 j - 2 scrolls of teleportation {unknown}
 k - 5 scrolls of identify {unknown}
 m - 2 scrolls of noise {unknown}
 q - a scroll of enchant weapon {unknown}
 s - 3 scrolls of silence {unknown}
 u - 2 scrolls of blinking {unknown}
Potions
 h - 4 potions of curing {unknown}
 i - a potion of resistance {unknown}
 n - 2 potions of berserk rage {unknown}
 p - a potion of magic {unknown}
 r - a potion of degeneration {unknown}
 t - a potion of might {unknown}
 v - a potion of brilliance {unknown}
 z - 2 potions of invisibility {unknown}


   Skills:
 + Level 5.0 Fighting
 + Level 0.2 Short Blades
 - Level 1.7 Armour
 - Level 0.8 Dodging
 - Level 0.7 Stealth
 + Level 7.7 Evocations


You had 6 spell levels left.
You didn't know any spells.
Your spell library contained the following spells:

 Spells                   Type           Power      Damage    Failure   Level
 Magic Dart               Conj           0%         1d3       56%         1
 Blink                    Tloc           0%         N/A       71%         2
 Call Imp                 Summ           0%         N/A       71%         2
 Fugue of the Fallen      Necr           0%         N/A       91%         3
 Ozocubu's Armour         Ice            0%         N/A       91%         3
 Leda's Liquefaction      Alch/Erth      0%         N/A       100%        4
 Manifold Assault         Tloc           0%         N/A       100%        4
 Lee's Rapid Deconstruct  Erth           0%         3d4*      100%        5
 Bombard                  Conj/Erth      0%         9d1       100%        6


Dungeon Overview and Level Annotations

Branches:
Dungeon (5/15)
 Temple: D:4-7

Altars:
Gozag
Trog
Uskayaw

Annotations:
D:3 1 runed translucent door, Crazy Yiuf


Innate Abilities, Weirdness & Mutations

You can wield a second weapon in your off-hand.
It takes a long time for you to wield or remove held weapons.
Your first few attacks do less damage.
You cannot equip rings or amulets.


Message History

You closely miss the iguana with your +0 rapier.
The iguana barely misses you.
You hit the iguana with your +0 rapier.
You kill the iguana!
Your Fighting skill increases to level 5!
You hit the ogre with your +0 dagger.
The ogre is lightly wounded.
You barely miss the ogre with your +0 rapier.
The ogre barely misses you.
You hit the ogre but do no damage.
The ogre is lightly wounded.
You hit the ogre with your +0 dagger.
The ogre hits you with a +0 giant club!!
Ouch! That really hurt!
You are too injured to fight recklessly!
Unknown command.
Aiming: Charm
Press: ? - help, Shift-Dir - straight line, f - ogre
Aim: an ogre, wielding a +0 giant club (moderately wounded, chance to affect: 67%)
The ogre struggles to resist.
The ogre hits you but does no damage.
Aiming: Charm
Press: ? - help, Shift-Dir - straight line, f/p - ogre
Aim: an ogre, wielding a +0 giant club (moderately wounded, chance to affect: 67%)
The ogre is charmed.
There is a stone staircase leading up here.
What are your orders? t - Shout!
Orders for allies: a - Attack new target. p - Attack previous target. r - Retreat! s - Stop attacking. g - Guard the area. f - Follow me.
Anything else - Cancel.
Gang up on whom?
Press: ? - help, Dir - move target, p - ogre There's nothing there!
You see here a +0 chain mail.
The ogre is no longer charmed.
The black bear growls angrily.
The ogre attacks as it pursues you!
The ogre hits you with a +0 giant club!!
You die...

##..................#.##.#
#...#########......#..##.#
#..##...##..###.##........
##..#.#.#(##...#.##.##.#..#
#####...#.(#(((#._.'.##.##....#
#.......#.#.#(##...#.##........
#.####.h##.((##..###.####......
#.# #...#########...# #######
#.# ##.......@O...[## #.#
##.#####..##### #.# #.#..<#..#
#.# #.#......# #.# #.#####.##
#.# #.#####.# #.# #.......# #.#
#.####### #.# #.#


You could see a black bear, an ogre and 7 dancing weapons.

Vanquished Creatures
  An ice beast (D:5)
  An ogre (D:5)
  A scorpion (D:5)
  2 hounds (D:4)
  A jelly (D:4)
  Terence (D:2)
  2 iguanas
  5 adders
  2 dart slugs
  An orc (D:4)
  4 ball pythons
  4 bats
  5 endoplasms
  3 giant cockroaches
  5 hobgoblins
  A jackal (D:2)
  2 quokkas
  6 goblins
  5 kobolds
  4 rats
56 creatures vanquished.

Vanquished Creatures (collateral kills)
  2 ufetubi (D:5)
  A quokka (D:5)
3 creatures vanquished.

Grand Total: 59 creatures vanquished

Notes
Turn   | Place    | Note
-------+----------+-------------------------------------------
     0 | D:1      | growler the Coglin Artificer began the quest for the Orb.
     0 | D:1      | Reached XP level 1. HP: 15/15 MP: 1/1
   126 | D:1      | Reached XP level 2. HP: 21/21 MP: 2/2
   706 | D:2      | Reached XP level 3. HP: 27/27 MP: 3/3
  1032 | D:2      | Reached skill level 5 in Evocations
  1076 | D:2      | Noticed Terence
  1081 | D:2      | Killed Terence
  1082 | D:2      | Reached XP level 4. HP: 34/34 MP: 4/4
  1930 | D:3      | Found a runed translucent door.
  1931 | D:3      | Noticed Crazy Yiuf
  2274 | D:4      | Found an opulent altar of Gozag.
  2323 | D:4      | Found a bloodstained altar of Trog.
  2473 | D:4      | Reached skill level 6 in Evocations
  2473 | D:4      | Reached XP level 5. HP: 22/41 MP: 5/5
  3626 | D:5      | Entered Level 5 of the Dungeon
  3629 | D:5      | Noticed a +0 short sword
  3629 | D:5      | Noticed a +0 dagger
  3629 | D:5      | Noticed a +0 short sword
  3629 | D:5      | Noticed a +0 spear
  3629 | D:5      | Noticed a +0 falchion
  3629 | D:5      | Noticed a +0 dagger
  3629 | D:5      | Noticed a +0 falchion
  3630 | D:5      | Noticed a +0 spear
  3689 | D:5      | Reached XP level 6. HP: 33/48 MP: 6/6
  3824 | D:5      | Reached skill level 7 in Evocations
  3868 | D:5      | Found a hide-covered altar of Uskayaw.
  3903 | D:5      | Noticed an ice beast
  4015 | D:5      | Noticed a black bear
  4054 | D:4      | Reached XP level 7. HP: 16/55 MP: 7/7
  4275 | D:5      | Reached skill level 5 in Fighting
  4306 | D:5      | Slain by an ogre

Illustrated notes

Levels and vault maps discovered:
D:1:      enne_arrival_octagon_isle, layout_basic
D:2:      layout_basic, st_stairs_2, dk_vineyard_2, uniq_terence
D:3:      layout_basic, serial_bayou_pond_d, nicolae_the_louvre,
          uniq_crazy_yiuf_cottage
D:4:      layout_layer_cave, mainiacjoe_overflow_large_starburst,
          nicolae_zen_rock_garden, minivault_23
D:5:      layout_basic, nicolae_uskayaw_en_pointe,
          hangedman_abyss_or_decor_lesser_grid

Skill      XL: |  1  2  3  4  5  6  7 |
---------------+----------------------+-----
Fighting       | 2 3 4 5 |  5.0
Evocations     | 5 6 7 |  7.7
Short Blades   | |  0.2
Armour         | |  1.7
Dodging        | |  0.8
Stealth        | |  0.7

Action                     |  1- 3 |  4- 6 |  7- 9 || total
---------------------------+-------+-------+-------++-------
  Melee: Club              |    63 |   135 |       ||   198
         Dagger            |    58 |   148 |    12 ||   218
         Mace              |       |    16 |     3 ||    19
         Rapier            |       |       |     9 ||     9
  Evoke: Wand              |     6 |     5 |     2 ||    13
   Stab: Sleeping          |     1 |       |       ||     1
 Armour: Leather armour    |    42 |       |       ||    42
         Ring mail         |       |   123 |    11 ||   134
  Dodge: Dodged            |    49 |    91 |     4 ||   144

Table legend: (Time is in decaauts)
 A = Elapsed time spent in this place.
 B = Non-inter-level travel time spent in this place.
 C = Inter-level travel time spent in this place.
 D = Time resting spent in this place.
 E = Time spent auto-exploring this place.
 F = Levels seen in this place.
 G = Mean time per level.
                   A        B        C        D        E       F      G
               +--------+--------+--------+--------+--------+-----+--------+
         Total |   4346 |   4190 |    156 |    214 |   3145 |   5 |  869.2 |
       Dungeon |   4346 |   4190 |    156 |    214 |   3145 |   5 |  869.2 |
               +--------+--------+--------+--------+--------+-----+--------+

Top non-repeatable levels by time:
     D:4: 1565 daAuts
     D:3: 980 daAuts
     D:2: 704 daAuts
     D:1: 614 daAuts
     D:5: 481 daAuts
